Pick #1

Connor Bedard
Pick #2

Leo Carlsson
Pick #3

Adam Fantilli
Pick #4

Matvei Michkov
Pick #5

David Reinbacher
Pick #6

William Smith
Pick #7

Zachary Benson
Pick #8

Ryan Leonard
Pick #9

Gabriel Perreault
Pick #10

Axel Sandin-Pellika
Pick #11

Daniil But
Pick #12

Dalibor Dvorsky
Pick #13

Quentin Musty
Pick #14

Brayden Yager
Pick #15

Dmitry Simashev
Pick #16

Colby Barlow
Pick #17

Andrew Cristall
Pick #18

Easton Cowan
Pick #19

Jacob Fowler
Pick #20

Oliver Moore
Pick #21

Oliver Bonk
Pick #22

Tom Willander
Pick #23

Calum Ritchie
Pick #24

Tanner Molendyk
Pick #25

Gavin Brindley
Pick #26

Nate Danielson
Pick #27

Pick #28

Pick #29

Pick #30

Pick #31

Pick #32

Pick #33

Pick #34

Pick #35

Pick #36

Pick #37

Pick #38

Pick #39

Pick #40

Pick #41

Pick #42

Pick #43

Pick #44

Pick #45

Pick #46

Pick #47

Pick #48

Pick #49

Pick #50

Pick #51

Pick #52

Pick #53

Pick #54

Pick #55

Pick #56

Pick #57

Pick #58

Pick #59

Pick #60

Pick #61

Pick #62

Pick #63

Pick #64

Pick #65

Pick #66

Pick #67

Pick #68

Pick #69

Pick #70

Pick #71

Pick #72

Pick #73

Pick #74

Pick #75

Pick #76

Pick #77

Pick #78

Pick #79

Pick #80

Pick #81

Pick #82

Pick #83

Pick #84

Pick #85

Pick #86

Pick #87

Pick #88

Pick #89

Pick #90

Pick #91

Pick #92

Pick #93

Pick #94

Pick #95

Pick #96

Pick #97

Pick #98

Pick #99

Pick #100

Pick #101

Pick #102

Pick #103

Pick #104

Pick #105

Pick #106

Pick #107

Pick #108

Pick #109

Pick #110

Pick #111

Pick #112

Pick #113

Pick #114

Pick #115

Pick #116

Pick #117

Pick #118

Pick #119

Pick #120

Pick #121

Pick #122

Pick #123

Pick #124

Pick #125

Pick #126

Pick #127

Pick #128

Pick #129

Pick #130

Full Scoreboard »»

Golden Knights vs Penguins

Created - November 19, 2023 at 23:12

Goals
1 2 3 OT1 T
Golden Knights 0 1 0 1 2
Penguins 0 0 1 0 1
Shots
1 2 3 OT1 T
Golden Knights 10 7 8 3 28
Penguins 8 12 10 1 31

GoalsPenalties
1st period
No Goal
Kevin Fiala (PIT) for Hooking (Minor) at 9:01
Josh Anderson (PIT) for Hooking (Minor) at 13:29
2nd period
1. Golden Knights , Kirby Dach 4 (Adam Boqvist 9, Jack Roslovic 5) at 5:29
Cole Caufield (PIT) for Tripping (Minor) at 1:29
Jakob Chychrun (VGK) for Interference (Minor) at 7:29
3rd period
2. Penguins , Jordan Harris 1 (Rem Pitlick 3, MacKenzie Weegar 9) at 11:49
Kevin Fiala (PIT) for Roughing (Minor) at 6:16
Vladislav Namestnikov (VGK) for Delaying the game (Minor) at 6:16
Overtime #1
3. Golden Knights , Artemi Panarin 13 (Miro Heiskanen 15, Nick Suzuki 9) at 1:33
No Penalty
Goalie Stats
Ilya Samsonov (VGK), 30 saves from 31 shots - (0.968), W, 12-5-2, 61:34 minutes
Connor Hellebuyck (PIT), 26 saves from 28 shots - (0.929), OTL, 9-10-1, 61:34 minutes
3 StarsOfficial
1 - Ilya Samsonov (VGK)
2 - Kirby Dach (VGK)
3 - Artemi Panarin (VGK)
Referees : Ryan Hersey and Francois St-Laurent
Linesman : Shaun Morgan and Glen Cooke
Game Note
No Game Note
Finance
Level 1 -- Attendance: 5604 (86.22%) -- Ticket Income $672,480
Level 2 -- Attendance: 5000 (100.00%) -- Ticket Income $425,000
Level 3 -- Attendance: 2906 (83.03%) -- Ticket Income $188,890
Level 4 -- Attendance: 2387 (100.00%) -- Ticket Income $107,415
Luxury Box -- Attendance: 1000 (100.00%) -- Ticket Income $225,000
Game was played at the Consol Energy Center.
Total Attendance: 16897 (91.90%)
Total Ticket Income: $1,618,785
Other Income: $404,696
Total Income: $2,023,481



Team Name Goals Shots Shots Attemp Shots Blocked PIM HIT PP PK FO%
Golden Knights 2285194220 / 3 (0%)053%
Penguins 1315948210 / 1 (0%)047%

Golden Knights
Player Name POS G A P +/- PIM HIT SHT SB MP PP MP PP SHT PK MP PK SHT FO% FOT
Adam BoqvistD0111000020:263:0000:5700% 0
Artemi PanarinLW1010012019:172:0000:000100% 1
Austin WatsonLW000000105:040:0000:000100% 1
Conor TimminsD000-1021017:330:5300:0000% 0
Derek GrantC000000007:400:5901:14040% 10
Jack RoslovicC0111003016:382:5800:45050% 12
Jakob ChychrunD0001242320:532:5720:0000% 0
Kirby DachC1011013013:310:5900:0000% 0
Marcus FolignoLW0000042016:420:0001:1400% 0
Mark StoneRW000-1003020:532:0000:0000% 1
Miro HeiskanenD0111021220:522:0701:0200% 0
Nick SuzukiC0111002019:442:5800:00059% 29
Rafael Harvey-PinardLW000000105:040:0000:0000% 0
T.J. OshieRW0000001019:282:5800:0000% 1
Tomas HertlC000-1023020:532:0000:00054% 24
Travis HamonicD000-1030318:360:5900:5700% 0
Vladislav NamestnikovC0001232014:150:5900:4500% 0
Zach WerenskiD0000001123:131:5801:0200% 0
Penguins
Player Name POS G A P +/- PIM HIT SHT SB MP PP MP PP SHT PK MP PK SHT FO% FOT
Cole CaufieldRW000-1205020:041:0100:0000% 2
Devon ToewsD000-1011123:491:0102:3800% 0
Dylan LarkinC000-1003023:220:5802:44055% 22
Jeff PetryD0000012122:390:5803:1900% 0
Jesper BrattLW000-1002120:540:5801:29050% 2
Jordan HarrisD1011002014:500:0000:0000% 0
Josh AndersonRW000-1283019:080:5801:09033% 3
Julien GauthierRW000000000:320:0000:0000% 0
Justin FaulkD000-2013022:471:0112:3800% 0
Kevin FialaLW0000451021:051:0100:0000% 1
Logan O'ConnorRW0000010013:000:0003:19050% 2
MacKenzie WeegarD0111020019:460:5803:1900% 0
Matt RoyD0000001117:430:0000:0000% 0
Nathan MacKinnonC000-1024020:391:0110:00039% 28
Oskar LindblomLW0001002013:430:0000:0000% 2
Rem PitlickC011100005:230:0000:10033% 3
Rudolfs BalcersLW000100004:340:0000:0000% 0
Ryan PoehlingC0000002012:440:0003:03071% 14



Play-by-Play

1st period


0:01 of 1st period - Tomas Hertl wins face-off versus Nathan MacKinnon in neutral zone.
0:11 of 1st period - Shot by Mark Stone.
0:11 of 1st period - Deflect By Tomas Hertl.
0:11 of 1st period - Shot Blocked by Devon Toews.
0:13 of 1st period - Shot by Mark Stone.
0:13 of 1st period - Stopped by Connor Hellebuyck without a rebound.
0:14 of 1st period - Dylan Larkin wins face-off versus Nick Suzuki in Penguins zone.
0:56 of 1st period - Shot by Dylan Larkin.
0:56 of 1st period - Shot Misses the Net.
1:12 of 1st period - Jack Roslovic is hit by Josh Anderson and loses puck.
1:37 of 1st period - Shot by Vladislav Namestnikov.
1:37 of 1st period - Stopped by Connor Hellebuyck without a rebound.
1:38 of 1st period - Ryan Poehling wins face-off versus Tomas Hertl in Penguins zone.
1:38 of 1st period - Ryan Poehling is hit by Artemi Panarin.
1:54 of 1st period - Shot by Ryan Poehling.
1:54 of 1st period - Shot Misses the Net.
1:56 of 1st period - Shot by Oskar Lindblom.
1:56 of 1st period - Stopped by Ilya Samsonov without a rebound.
1:57 of 1st period - Nathan MacKinnon wins face-off versus Derek Grant in Golden Knights zone.
2:01 of 1st period - Icing by Rafael Harvey-Pinard.
2:02 of 1st period - Derek Grant wins face-off versus Nathan MacKinnon in Golden Knights zone.
2:09 of 1st period - Shot by Austin Watson.
2:09 of 1st period - Deflect By Rafael Harvey-Pinard.
2:09 of 1st period - Shot Misses the Net.
2:29 of 1st period - Shot by Cole Caufield.
2:29 of 1st period - Stopped by Ilya Samsonov without a rebound.
2:30 of 1st period - Tomas Hertl wins face-off versus Oskar Lindblom in Golden Knights zone.
4:19 of 1st period - Nathan MacKinnon is hit by Kirby Dach and loses puck.
5:24 of 1st period - Shot by Nick Suzuki.
5:24 of 1st period - Stopped by Connor Hellebuyck with a rebound.
5:26 of 1st period - Shot by Conor Timmins.
5:26 of 1st period - Stopped by Connor Hellebuyck without a rebound.
5:27 of 1st period - Artemi Panarin wins face-off versus Oskar Lindblom in Penguins zone.
5:28 of 1st period - Shot by Tomas Hertl.
5:28 of 1st period - Stopped by Connor Hellebuyck with a rebound.
5:30 of 1st period - Shot by Mark Stone.
5:30 of 1st period - Stopped by Connor Hellebuyck without a rebound.
5:31 of 1st period - Ryan Poehling wins face-off versus Mark Stone in Penguins zone.
5:31 of 1st period - Ryan Poehling is hit by Tomas Hertl.
6:01 of 1st period - Shot by Tomas Hertl.
6:01 of 1st period - Stopped by Connor Hellebuyck without a rebound.
6:02 of 1st period - Nick Suzuki wins face-off versus Nathan MacKinnon in Penguins zone.
6:46 of 1st period - Kevin Fiala is hit by Travis Hamonic and loses puck.
7:01 of 1st period - Shot by Logan O'Connor.
7:01 of 1st period - Deflect By Ryan Poehling.
7:01 of 1st period - Shot Blocked by Travis Hamonic.
7:11 of 1st period - Logan O'Connor is hit by Travis Hamonic.
7:13 of 1st period - Shot by Justin Faulk.
7:13 of 1st period - Stopped by Ilya Samsonov with a rebound.
7:15 of 1st period - Shot by Oskar Lindblom.
7:15 of 1st period - Deflect By Ryan Poehling.
7:15 of 1st period - Stopped by Ilya Samsonov with a rebound.
7:17 of 1st period - Shot by Justin Faulk.
7:17 of 1st period - Stopped by Ilya Samsonov without a rebound.
7:18 of 1st period - Tomas Hertl wins face-off versus Dylan Larkin in Golden Knights zone.
7:39 of 1st period - Shot by Zach Werenski.
7:39 of 1st period - Shot Misses the Net.
9:01 of 1st period - Minor Penalty to Kevin Fiala for Hooking.
9:02 of 1st period - Ryan Poehling wins face-off versus Nick Suzuki in Penguins zone.
9:08 of 1st period - Icing by T.J. Oshie.
9:09 of 1st period - Nick Suzuki wins face-off versus Logan O'Connor in Golden Knights zone.
9:14 of 1st period - Shot by Adam Boqvist.
9:14 of 1st period - Shot Blocked by Jeff Petry.
10:15 of 1st period - Shot by Jakob Chychrun.
10:15 of 1st period - Shot Misses the Net.
10:34 of 1st period - Shot by Travis Hamonic.
10:34 of 1st period - Shot Hit the Post.
11:07 of 1st period - Shot by Nathan MacKinnon.
11:07 of 1st period - Shot Misses the Net.
12:20 of 1st period - Icing by Matt Roy.
12:21 of 1st period - Austin Watson wins face-off versus Rem Pitlick in Penguins zone.
12:22 of 1st period - Shot by Derek Grant.
12:22 of 1st period - Shot Blocked by Matt Roy.
12:43 of 1st period - Derek Grant is hit by Jeff Petry and loses puck.
13:29 of 1st period - Minor Penalty to Josh Anderson for Hooking.
13:30 of 1st period - Ryan Poehling wins face-off versus Tomas Hertl in Penguins zone.
14:13 of 1st period - Mark Stone is hit by MacKenzie Weegar and loses puck.
14:23 of 1st period - Off-side.
14:24 of 1st period - Jesper Bratt wins face-off versus Nick Suzuki in neutral zone.
14:42 of 1st period - Icing by Zach Werenski.
14:43 of 1st period - Dylan Larkin wins face-off versus Nick Suzuki in Golden Knights zone.
15:14 of 1st period - Shot by Nick Suzuki.
15:14 of 1st period - Shot Misses the Net.
15:16 of 1st period - Shot by Zach Werenski.
15:16 of 1st period - Shot Misses the Net.
15:18 of 1st period - Shot by Jakob Chychrun.
15:18 of 1st period - Shot Misses the Net.
15:20 of 1st period - Shot by Jakob Chychrun.
15:20 of 1st period - Stopped by Connor Hellebuyck without a rebound.
15:21 of 1st period - Ryan Poehling wins face-off versus Tomas Hertl in Penguins zone.
15:44 of 1st period - Shot by Derek Grant.
15:44 of 1st period - Shot Misses the Net.
15:46 of 1st period - Shot by Rafael Harvey-Pinard.
15:46 of 1st period - Shot Misses the Net.
15:48 of 1st period - Shot by Rafael Harvey-Pinard.
15:48 of 1st period - Stopped by Connor Hellebuyck without a rebound.
15:49 of 1st period - Ryan Poehling wins face-off versus Tomas Hertl in Penguins zone.
17:22 of 1st period - Shot by Cole Caufield.
17:22 of 1st period - Stopped by Ilya Samsonov with a rebound.
17:24 of 1st period - Shot by Devon Toews.
17:24 of 1st period - Shot Blocked by Jakob Chychrun.
17:26 of 1st period - Shot by Kevin Fiala.
17:26 of 1st period - Shot Misses the Net.
18:30 of 1st period - Shot by Josh Anderson.
18:30 of 1st period - Stopped by Ilya Samsonov without a rebound.
18:31 of 1st period - Tomas Hertl wins face-off versus Rem Pitlick in Golden Knights zone.
18:48 of 1st period - Shot by Zach Werenski.
18:48 of 1st period - Stopped by Connor Hellebuyck with a rebound.
18:54 of 1st period - Shot by Mark Stone.
18:54 of 1st period - Deflect By Artemi Panarin.
18:54 of 1st period - Shot Misses the Net.
18:56 of 1st period - Shot by Artemi Panarin.
18:56 of 1st period - Shot Misses the Net.
19:49 of 1st period - Shot by Josh Anderson.
19:49 of 1st period - Shot Misses the Net.
19:51 of 1st period - Shot by Josh Anderson.
19:51 of 1st period - Stopped by Ilya Samsonov without a rebound.
19:52 of 1st period - Nick Suzuki wins face-off versus Nathan MacKinnon in Golden Knights zone.
Goals for this period are 0 for Golden Knights vs 0 for Penguins.
Shots for this period are 10 for Golden Knights vs 8 for Penguins.

2nd period


0:01 of 2nd period - Nick Suzuki wins face-off versus Dylan Larkin in neutral zone.
0:51 of 2nd period - Icing by Zach Werenski.
0:52 of 2nd period - Nathan MacKinnon wins face-off versus Nick Suzuki in Golden Knights zone.
1:07 of 2nd period - Icing by Justin Faulk.
1:08 of 2nd period - Jack Roslovic wins face-off versus Nathan MacKinnon in Penguins zone.
1:13 of 2nd period - Shot by Kirby Dach.
1:13 of 2nd period - Shot Hit the Post.
1:18 of 2nd period - Justin Faulk is hit by Vladislav Namestnikov.
1:29 of 2nd period - Minor Penalty to Cole Caufield for Tripping.
1:30 of 2nd period - Ryan Poehling wins face-off versus Tomas Hertl in Penguins zone.
1:51 of 2nd period - Icing by Tomas Hertl.
1:52 of 2nd period - Tomas Hertl wins face-off versus Ryan Poehling in Golden Knights zone.
2:43 of 2nd period - Jack Roslovic is hit by MacKenzie Weegar and loses puck.
3:06 of 2nd period - Shot by Jakob Chychrun.
3:06 of 2nd period - Stopped by Connor Hellebuyck without a rebound.
3:07 of 2nd period - Dylan Larkin wins face-off versus Nick Suzuki in Penguins zone.
4:03 of 2nd period - Shot by Austin Watson.
4:03 of 2nd period - Shot Misses the Net.
4:05 of 2nd period - Shot by Travis Hamonic.
4:05 of 2nd period - Shot Misses the Net.
4:07 of 2nd period - Shot by Austin Watson.
4:07 of 2nd period - Stopped by Connor Hellebuyck without a rebound.
4:08 of 2nd period - Tomas Hertl wins face-off versus Dylan Larkin in Penguins zone.
4:08 of 2nd period - Artemi Panarin is hit by Devon Toews and loses puck.
4:21 of 2nd period - Shot by Mark Stone.
4:21 of 2nd period - Shot Misses the Net.
5:29 of 2nd period - Shot by Kirby Dach.
5:29 of 2nd period - Goal by Kirby Dach - Golden Knights : 1 - Penguins : 0.
5:30 of 2nd period - Nick Suzuki wins face-off versus Nathan MacKinnon in neutral zone.
5:30 of 2nd period - Nick Suzuki is hit by Kevin Fiala.
5:36 of 2nd period - Shot by T.J. Oshie.
5:36 of 2nd period - Stopped by Connor Hellebuyck without a rebound.
5:37 of 2nd period - Nathan MacKinnon wins face-off versus Nick Suzuki in Penguins zone.
6:39 of 2nd period - Icing by Nathan MacKinnon.
6:40 of 2nd period - Nathan MacKinnon wins face-off versus Jack Roslovic in Penguins zone.
6:54 of 2nd period - Off-side.
6:55 of 2nd period - Tomas Hertl wins face-off versus Ryan Poehling in neutral zone.
7:29 of 2nd period - Minor Penalty to Jakob Chychrun for Interference.
7:30 of 2nd period - Dylan Larkin wins face-off versus Derek Grant in Golden Knights zone.
7:31 of 2nd period - Shot by MacKenzie Weegar.
7:31 of 2nd period - Shot Misses the Net.
7:37 of 2nd period - Shot by Josh Anderson.
7:37 of 2nd period - Shot Misses the Net.
7:39 of 2nd period - Shot by Jeff Petry.
7:39 of 2nd period - Shot Blocked by Miro Heiskanen.
8:30 of 2nd period - Off-side.
8:31 of 2nd period - Nathan MacKinnon wins face-off versus Derek Grant in neutral zone.
8:38 of 2nd period - Shot by Kevin Fiala.
8:38 of 2nd period - Deflect By Nathan MacKinnon.
8:38 of 2nd period - Stopped by Ilya Samsonov without a rebound.
8:39 of 2nd period - Derek Grant wins face-off versus Nathan MacKinnon in Golden Knights zone.
9:14 of 2nd period - Shot by Nathan MacKinnon.
9:14 of 2nd period - Shot Misses the Net.
9:16 of 2nd period - Shot by Justin Faulk.
9:16 of 2nd period - Stopped by Ilya Samsonov without a rebound.
9:17 of 2nd period - Dylan Larkin wins face-off versus Derek Grant in Golden Knights zone.
9:20 of 2nd period - Shot by MacKenzie Weegar.
9:20 of 2nd period - Shot Misses the Net.
9:44 of 2nd period - Shot by Ryan Poehling.
9:44 of 2nd period - Deflect By Oskar Lindblom.
9:44 of 2nd period - Stopped by Ilya Samsonov with a rebound.
9:46 of 2nd period - Shot by Ryan Poehling.
9:46 of 2nd period - Deflect By Oskar Lindblom.
9:46 of 2nd period - Shot Blocked by Jakob Chychrun.
9:48 of 2nd period - Shot by Ryan Poehling.
9:48 of 2nd period - Stopped by Ilya Samsonov without a rebound.
9:49 of 2nd period - Dylan Larkin wins face-off versus Jack Roslovic in Golden Knights zone.
10:22 of 2nd period - Vladislav Namestnikov is hit by Josh Anderson and loses puck.
11:03 of 2nd period - Shot by Cole Caufield.
11:03 of 2nd period - Stopped by Ilya Samsonov without a rebound.
11:04 of 2nd period - Nick Suzuki wins face-off versus Ryan Poehling in Golden Knights zone.
11:30 of 2nd period - Shot by Nick Suzuki.
11:30 of 2nd period - Stopped by Connor Hellebuyck without a rebound.
11:31 of 2nd period - Tomas Hertl wins face-off versus Nathan MacKinnon in Penguins zone.
11:40 of 2nd period - Shot by Artemi Panarin.
11:40 of 2nd period - Shot Misses the Net.
11:55 of 2nd period - Icing by Justin Faulk.
11:56 of 2nd period - Nick Suzuki wins face-off versus Nathan MacKinnon in Penguins zone.
12:09 of 2nd period - Shot by Nick Suzuki.
12:09 of 2nd period - Deflect By Marcus Foligno.
12:09 of 2nd period - Stopped by Connor Hellebuyck without a rebound.
12:10 of 2nd period - Dylan Larkin wins face-off versus Jack Roslovic in Penguins zone.
12:26 of 2nd period - Shot by Jack Roslovic.
12:26 of 2nd period - Shot Blocked by Jesper Bratt.
12:28 of 2nd period - Shot by Miro Heiskanen.
12:28 of 2nd period - Stopped by Connor Hellebuyck without a rebound.
12:29 of 2nd period - Logan O'Connor wins face-off versus Tomas Hertl in Penguins zone.
12:57 of 2nd period - Ryan Poehling is hit by Jakob Chychrun and loses puck.
13:30 of 2nd period - Shot by Dylan Larkin.
13:30 of 2nd period - Stopped by Ilya Samsonov with a rebound.
13:34 of 2nd period - Shot by Josh Anderson.
13:34 of 2nd period - Shot Misses the Net.
13:36 of 2nd period - Shot by Jeff Petry.
13:36 of 2nd period - Stopped by Ilya Samsonov without a rebound.
13:37 of 2nd period - Nathan MacKinnon wins face-off versus Nick Suzuki in Golden Knights zone.
13:38 of 2nd period - Shot by Kevin Fiala.
13:38 of 2nd period - Stopped by Ilya Samsonov without a rebound.
13:39 of 2nd period - Nick Suzuki wins face-off versus Nathan MacKinnon in Golden Knights zone.
13:39 of 2nd period - Nick Suzuki is hit by Kevin Fiala.
13:48 of 2nd period - Icing by Cole Caufield.
13:49 of 2nd period - Jack Roslovic wins face-off versus Nathan MacKinnon in Penguins zone.
14:32 of 2nd period - Shot by Nathan MacKinnon.
14:32 of 2nd period - Stopped by Ilya Samsonov without a rebound.
14:33 of 2nd period - Nick Suzuki wins face-off versus Dylan Larkin in Golden Knights zone.
14:42 of 2nd period - Shot by Josh Anderson.
14:42 of 2nd period - Deflect By Jesper Bratt.
14:42 of 2nd period - Shot Misses the Net.
14:50 of 2nd period - Shot by Josh Anderson.
14:50 of 2nd period - Deflect By Dylan Larkin.
14:50 of 2nd period - Shot Blocked by Jakob Chychrun.
14:52 of 2nd period - Shot by Jeff Petry.
14:52 of 2nd period - Shot Misses the Net.
14:54 of 2nd period - Shot by Matt Roy.
14:54 of 2nd period - Stopped by Ilya Samsonov without a rebound.
14:55 of 2nd period - Ryan Poehling wins face-off versus Tomas Hertl in Golden Knights zone.
15:31 of 2nd period - Icing by Mark Stone.
15:32 of 2nd period - Tomas Hertl wins face-off versus Josh Anderson in Golden Knights zone.
16:51 of 2nd period - Icing by Justin Faulk.
16:52 of 2nd period - Nathan MacKinnon wins face-off versus Jack Roslovic in Penguins zone.
16:52 of 2nd period - Kevin Fiala is hit by Vladislav Namestnikov and loses puck.
17:17 of 2nd period - Off-side.
17:18 of 2nd period - Ryan Poehling wins face-off versus Tomas Hertl in neutral zone.
17:18 of 2nd period - Ryan Poehling is hit by Tomas Hertl.
17:26 of 2nd period - Shot by Jordan Harris.
17:26 of 2nd period - Stopped by Ilya Samsonov with a rebound.
17:28 of 2nd period - Shot by Oskar Lindblom.
17:28 of 2nd period - Shot Misses the Net.
17:45 of 2nd period - Logan O'Connor is hit by Travis Hamonic and loses puck.
18:16 of 2nd period - Off-side.
18:17 of 2nd period - Dylan Larkin wins face-off versus Nick Suzuki in neutral zone.
18:29 of 2nd period - Jeff Petry is hit by Marcus Foligno and loses puck.
18:44 of 2nd period - Shot by Jesper Bratt.
18:44 of 2nd period - Stopped by Ilya Samsonov without a rebound.
18:45 of 2nd period - Jack Roslovic wins face-off versus Nathan MacKinnon in Golden Knights zone.
18:45 of 2nd period - Jack Roslovic is hit by Kevin Fiala.
19:06 of 2nd period - Shot by Kirby Dach.
19:06 of 2nd period - Shot Misses the Net.
Goals for this period are 1 for Golden Knights vs 0 for Penguins.
Shots for this period are 7 for Golden Knights vs 12 for Penguins.
0:00 of 3rd period - Icing by Jordan Harris.

3rd period


0:01 of 3rd period - Nick Suzuki wins face-off versus Jesper Bratt in neutral zone.
0:23 of 3rd period - Shot by Josh Anderson.
0:23 of 3rd period - Shot Misses the Net.
0:25 of 3rd period - Shot by Jeff Petry.
0:25 of 3rd period - Stopped by Ilya Samsonov with a rebound.
0:27 of 3rd period - Shot by Josh Anderson.
0:27 of 3rd period - Stopped by Ilya Samsonov without a rebound.
0:28 of 3rd period - Tomas Hertl wins face-off versus Kevin Fiala in Golden Knights zone.
1:22 of 3rd period - Mark Stone is hit by Kevin Fiala and loses puck.
1:49 of 3rd period - Shot by Jesper Bratt.
1:49 of 3rd period - Stopped by Ilya Samsonov without a rebound.
1:50 of 3rd period - Rem Pitlick wins face-off versus Nick Suzuki in Golden Knights zone.
2:13 of 3rd period - Off-side.
2:14 of 3rd period - Dylan Larkin wins face-off versus Jack Roslovic in neutral zone.
2:17 of 3rd period - Shot by Dylan Larkin.
2:17 of 3rd period - Stopped by Ilya Samsonov without a rebound.
2:18 of 3rd period - Jack Roslovic wins face-off versus Dylan Larkin in Golden Knights zone.
2:41 of 3rd period - Shot by Dylan Larkin.
2:41 of 3rd period - Stopped by Ilya Samsonov without a rebound.
2:42 of 3rd period - Nick Suzuki wins face-off versus Cole Caufield in Golden Knights zone.
2:42 of 3rd period - Travis Hamonic is hit by Nathan MacKinnon and loses puck.
3:09 of 3rd period - Nick Suzuki is hit by Justin Faulk and loses puck.
3:28 of 3rd period - Shot by Kevin Fiala.
3:28 of 3rd period - Shot Blocked by Travis Hamonic.
3:38 of 3rd period - Travis Hamonic is hit by Josh Anderson and loses puck.
3:58 of 3rd period - Nick Suzuki is hit by Josh Anderson.
3:59 of 3rd period - Icing by Nick Suzuki.
4:00 of 3rd period - Nick Suzuki wins face-off versus Ryan Poehling in Golden Knights zone.
4:25 of 3rd period - Shot by Vladislav Namestnikov.
4:25 of 3rd period - Stopped by Connor Hellebuyck without a rebound.
4:26 of 3rd period - Dylan Larkin wins face-off versus Tomas Hertl in Penguins zone.
4:47 of 3rd period - Jesper Bratt is hit by Jakob Chychrun.
4:54 of 3rd period - Josh Anderson is hit by Jakob Chychrun and loses puck.
5:33 of 3rd period - Shot by Cole Caufield.
5:33 of 3rd period - Stopped by Ilya Samsonov with a rebound.
5:50 of 3rd period - Nathan MacKinnon is hit by Jakob Chychrun and loses puck.
5:55 of 3rd period - Shot by Nathan MacKinnon.
5:55 of 3rd period - Stopped by Ilya Samsonov with a rebound.
5:57 of 3rd period - Shot by Jeff Petry.
5:57 of 3rd period - Shot Misses the Net.
6:16 of 3rd period - Minor Penalty to Kevin Fiala for Roughing.
6:16 of 3rd period - Minor Penalty to Vladislav Namestnikov for Delaying the game.
6:17 of 3rd period - Nick Suzuki wins face-off versus Nathan MacKinnon in neutral zone.
6:34 of 3rd period - Shot by Nathan MacKinnon.
6:34 of 3rd period - Shot Blocked by Zach Werenski.
6:36 of 3rd period - Shot by Devon Toews.
6:36 of 3rd period - Shot Blocked by Miro Heiskanen.
6:38 of 3rd period - Shot by Dylan Larkin.
6:38 of 3rd period - Deflect By Nathan MacKinnon.
6:38 of 3rd period - Shot Misses the Net.
7:29 of 3rd period - Shot by Jack Roslovic.
7:29 of 3rd period - Stopped by Connor Hellebuyck without a rebound.
7:30 of 3rd period - Derek Grant wins face-off versus Dylan Larkin in Penguins zone.
7:36 of 3rd period - Icing by Devon Toews.
7:37 of 3rd period - Dylan Larkin wins face-off versus Tomas Hertl in Penguins zone.
8:20 of 3rd period - Travis Hamonic is hit by Logan O'Connor and loses puck.
8:25 of 3rd period - Shot by Logan O'Connor.
8:25 of 3rd period - Shot Misses the Net.
8:45 of 3rd period - Shot by Ryan Poehling.
8:45 of 3rd period - Shot Misses the Net.
9:19 of 3rd period - Shot by Marcus Foligno.
9:19 of 3rd period - Stopped by Connor Hellebuyck without a rebound.
9:20 of 3rd period - Nick Suzuki wins face-off versus Nathan MacKinnon in Penguins zone.
9:32 of 3rd period - Icing by Justin Faulk.
9:33 of 3rd period - Nathan MacKinnon wins face-off versus Derek Grant in Penguins zone.
10:22 of 3rd period - Icing by Austin Watson.
10:23 of 3rd period - Derek Grant wins face-off versus Dylan Larkin in Golden Knights zone.
10:23 of 3rd period - Derek Grant is hit by Josh Anderson.
10:59 of 3rd period - Shot by Nick Suzuki.
10:59 of 3rd period - Shot Misses the Net.
11:09 of 3rd period - Jeff Petry is hit by Marcus Foligno.
11:47 of 3rd period - Shot by Rem Pitlick.
11:47 of 3rd period - Shot Blocked by Travis Hamonic.
11:49 of 3rd period - Shot by Jordan Harris.
11:49 of 3rd period - Goal by Jordan Harris - Golden Knights : 1 - Penguins : 1.
11:50 of 3rd period - Jack Roslovic wins face-off versus Cole Caufield in neutral zone.
11:55 of 3rd period - Shot by Nathan MacKinnon.
11:55 of 3rd period - Shot Misses the Net.
11:57 of 3rd period - Shot by Devon Toews.
11:57 of 3rd period - Stopped by Ilya Samsonov without a rebound.
11:58 of 3rd period - Tomas Hertl wins face-off versus Nathan MacKinnon in Golden Knights zone.
11:58 of 3rd period - Artemi Panarin is hit by Kevin Fiala and loses puck.
12:17 of 3rd period - Shot by Artemi Panarin.
12:17 of 3rd period - Stopped by Connor Hellebuyck without a rebound.
12:18 of 3rd period - Josh Anderson wins face-off versus Jack Roslovic in Penguins zone.
12:23 of 3rd period - Jeff Petry is hit by Vladislav Namestnikov.
12:26 of 3rd period - Josh Anderson is hit by Miro Heiskanen and loses puck.
12:47 of 3rd period - Dylan Larkin is hit by Miro Heiskanen and loses puck.
13:43 of 3rd period - Jeff Petry is hit by Marcus Foligno and loses puck.
13:58 of 3rd period - Jakob Chychrun is hit by Josh Anderson.
13:59 of 3rd period - Icing by Jakob Chychrun.
14:00 of 3rd period - Nick Suzuki wins face-off versus Nathan MacKinnon in Golden Knights zone.
14:17 of 3rd period - Travis Hamonic is hit by Nathan MacKinnon and loses puck.
15:07 of 3rd period - Logan O'Connor is hit by Conor Timmins and loses puck.
15:31 of 3rd period - Logan O'Connor is hit by Conor Timmins.
15:57 of 3rd period - Shot by Jack Roslovic.
15:57 of 3rd period - Stopped by Connor Hellebuyck with a rebound.
15:59 of 3rd period - Shot by Kirby Dach.
15:59 of 3rd period - Stopped by Connor Hellebuyck with a rebound.
16:09 of 3rd period - Shot by Jack Roslovic.
16:09 of 3rd period - Stopped by Connor Hellebuyck with a rebound.
16:11 of 3rd period - Shot by Kirby Dach.
16:11 of 3rd period - Stopped by Connor Hellebuyck without a rebound.
16:12 of 3rd period - Nathan MacKinnon wins face-off versus Nick Suzuki in Penguins zone.
16:12 of 3rd period - Matt Roy is hit by Marcus Foligno and loses puck.
16:25 of 3rd period - Shot by Nathan MacKinnon.
16:25 of 3rd period - Stopped by Ilya Samsonov without a rebound.
16:26 of 3rd period - Jack Roslovic wins face-off versus Dylan Larkin in Golden Knights zone.
16:31 of 3rd period - Zach Werenski is hit by Josh Anderson.
16:56 of 3rd period - Zach Werenski is hit by Josh Anderson and loses puck.
17:31 of 3rd period - Icing by Nathan MacKinnon.
17:32 of 3rd period - Nathan MacKinnon wins face-off versus Derek Grant in Penguins zone.
18:26 of 3rd period - Icing by Marcus Foligno.
18:27 of 3rd period - Ryan Poehling wins face-off versus T.J. Oshie in Golden Knights zone.
19:27 of 3rd period - Icing by Travis Hamonic.
19:28 of 3rd period - Nick Suzuki wins face-off versus Josh Anderson in Golden Knights zone.
Goals for this period are 0 for Golden Knights vs 1 for Penguins.
Shots for this period are 8 for Golden Knights vs 10 for Penguins.

Overtime #1


0:01 of 1st overtime period - Tomas Hertl wins face-off versus Dylan Larkin in neutral zone.
0:14 of 1st overtime period - Shot by Mark Stone.
0:14 of 1st overtime period - Stopped by Connor Hellebuyck without a rebound.
0:15 of 1st overtime period - Dylan Larkin wins face-off versus Tomas Hertl in Penguins zone.
0:45 of 1st overtime period - Shot by Tomas Hertl.
0:45 of 1st overtime period - Shot Misses the Net.
0:47 of 1st overtime period - Shot by Tomas Hertl.
0:47 of 1st overtime period - Stopped by Connor Hellebuyck without a rebound.
0:48 of 1st overtime period - Nathan MacKinnon wins face-off versus Nick Suzuki in Penguins zone.
0:57 of 1st overtime period - Shot by Cole Caufield.
0:57 of 1st overtime period - Stopped by Ilya Samsonov without a rebound.
0:58 of 1st overtime period - Tomas Hertl wins face-off versus Dylan Larkin in Golden Knights zone.
1:27 of 1st overtime period - Off-side.
1:28 of 1st overtime period - Nick Suzuki wins face-off versus Nathan MacKinnon in neutral zone.
1:33 of 1st overtime period - Shot by Artemi Panarin.
1:33 of 1st overtime period - Goal by Artemi Panarin - Golden Knights : 2 - Penguins : 1.
Goals for this period are 1 for Golden Knights vs 0 for Penguins.
Shots for this period are 3 for Golden Knights vs 1 for Penguins.